 Dungeon Crawl Stone Soup version 0.29-a0-824-gd827844252 (webtiles) character file.

Game seed: 6522459427470554554

9230 kevlar127 the Grappler (level 11, -3/93 (115) HPs)
             Began as a Troll Berserker on July 10, 2022.
             Was a Priest of Trog.
             Slain by a sixfirhy (10 damage)
             ... summoned by an obsidian statue
             ... on level 7 of the Dungeon.
             The game lasted 00:42:14 (10565 turns).

kevlar127 the Grappler (Troll Berserker)           Turns: 10565, Time: 00:42:14

HP:   -3/93 (115)   AC:  5    Str: 30 (31) XL:     11   Next: 20%
MP:   10/10         EV:  9    Int:  3      God:    Trog [***...]
Gold: 696           SH:  0    Dex:  9      Spells: 10/10 levels left

rFire   . . .      SeeInvis .     - Unarmed
rCold   . . .      Faith    .   (no shield)
rNeg    . . .      Spirit   .   J - +0 swamp dragon scales
rPois   +          Reflect  .   E - +1 hat
rElec   .          Harm     .   o - +1 cloak
rCorr   .          Rampage  .   (gloves unavailable)
Will    +++..                   (boots unavailable)
Stlth   ..........              (no amulet)
HPRegen 2.05/turn               I - ring of willpower
MPRegen 0.12/turn               O - ring of flight

@: strong-willed, corroded, flying, regenerating, heavily drained
A: large, unfitting armour, claws 3, regeneration 1, shaggy fur 1, tough skin 1,
deterioration 1, no potion heal 1
a: Renounce Religion, Berserk, Trog's Hand


You were on level 7 of the Dungeon.
You worshipped Trog.
Trog was most pleased with you.
You visited 1 branch of the dungeon, and saw 10 of its levels.

You collected 696 gold pieces.

Inventory:

Missiles
 f - 79 stones (quivered)
 l - 7 atropa-tipped darts
 y - 17 poisoned darts
 M - a curare-tipped dart
Armour
 o - a +1 cloak (worn)
 E - a +1 hat (worn)
 J - +0 swamp dragon scales (worn)
 K - a +2 robe of fire resistance
 P - +0 acid dragon scales
Jewellery
 I - a ring of willpower (left claw)
 L - a +6 ring of intelligence
 O - a ring of flight (right claw)
Wands
 t - a wand of digging (13)
 C - a wand of flame (38)
 G - a wand of iceblast (6)
Scrolls
 a - 3 scrolls of poison {unknown}
 b - 2 scrolls of noise {unknown}
 c - 2 scrolls of blinking {unknown}
 d - 8 scrolls of identify {unknown}
 h - 3 scrolls of brand weapon {unknown}
 i - 4 scrolls of teleportation {unknown}
 j - 2 scrolls of summoning {unknown}
 k - 3 scrolls of enchant weapon {unknown}
 m - 2 scrolls of amnesia {unknown}
 r - a scroll of vulnerability {unknown}
 u - 2 scrolls of magic mapping {unknown}
 w - a scroll of enchant armour {unknown}
 x - a scroll of immolation {unknown}
 D - a scroll of fear {unknown}
 N - a scroll of fog {unknown}
Potions
 e - 3 potions of mutation {unknown}
 g - 6 potions of curing
 n - 3 potions of degeneration {unknown}
 p - 3 potions of haste {unknown}
 q - a potion of brilliance {unknown}
 s - 2 potions of magic {unknown}
 v - a potion of attraction {unknown}
 z - 2 potions of heal wounds {unknown}
 A - a potion of invisibility {unknown}
 B - a potion of flight {unknown}
 F - a potion of berserk rage {unknown}


   Skills:
 + Level 9.4 Fighting
 - Level 6.0 Throwing
 + Level 3.6 Armour
 - Level 3.0 Dodging
 + Level 11.2 Unarmed Combat
 + Level 1.6 Evocations


You had 10 spell levels left.
You didn't know any spells.
Your spell library was empty.

Dungeon Overview and Level Annotations

Branches:
Dungeon (10/15)            Temple (0/1) D:7
   Lair: D:8-11         Orc: D:9-12

Altars:
Cheibriados
Hepliaklqana
Kikubaaqudgha
Makhleb
Nemelex Xobeh
Okawaru
Sif Muna
Vehumet
Wu Jian
Yredelemnul
The Shining One

Shops:
D:10 *

Annotations:
D:7 exclusion: obsidian statue


Innate Abilities, Weirdness & Mutations

You are too large for most types of armour.
You have claws for hands.
Your natural rate of healing is unusually fast.
You are covered in fur. (AC +1)
You have tough skin. (AC +1)
Your body sometimes deteriorates upon taking damage.
Potions are less effective at restoring your health.


Message History

You feel strong-willed.
The obsidian statue's eyes glow briefly.
The obsidian statue attempts to bespell you!
You resist with almost no effort.
You scratch the soul eater.
The soul eater is lightly wounded.
The soul eater misses you. The rust devil hits you.
The rust devil corrodes you!
You closely miss the soul eater.
You claw the soul eater, but do no damage.
The soul eater is lightly wounded.
The obsidian statue's eyes glow briefly.
The obsidian statue attempts to bespell you!
You resist with almost no effort. The soul eater hits you!
You feel drained. The rust devil hits you. The rust devil corrodes you!
You closely miss the soul eater.
The soul eater is lightly wounded.
The obsidian statue's eyes glow briefly.
The soul eater draws from the surrounding life force!
The rust devil splashes around in the water.
You claw the soul eater!
The soul eater is moderately wounded.
The rust devil disappears in a puff of smoke!
The white imp disappears for a moment.
You barely miss the soul eater.
The soul eater is moderately wounded.
The sixfirhy misses you. The soul eater closely misses you.
The sixfirhy hits you! The sixfirhy shocks you!
The obsidian statue's eyes glow briefly.
The obsidian statue attempts to bespell you!
You resist with almost no effort.
You closely miss the soul eater.
The soul eater is moderately wounded.
The sixfirhy hits you. The sixfirhy shocks you!
* * * LOW HITPOINT WARNING * * *
Your body deteriorates!
You feel weakened. The sixfirhy hits you!
* * * LOW HITPOINT WARNING * * *
The sixfirhy shocks you!
You die...

####
######
#.)=#
#....##
#..}:#
#.....#
854=[#
#.....#
##.5≈≈≈#
#.....#
##3≈≈5≈#
#.....#
#@3≈≈≈#
#.....#
##≈≈≈###
#.....#
#≈≈≈##
#.....#
##≈≈≈#
#.....#
#≈≈≈##
#.....##
#≈≈≈#
#......#
#≈≈≈##
#.......
##≈≈≈##
#.......
#≈≈≈≈#
#......#


You could see an obsidian statue, a soul eater (summoned), an orange demon
(summoned), a sixfirhy (summoned), a white imp (summoned), a shadow imp
(summoned) and an ufetubus (summoned).

Vanquished Creatures
  Josephine (D:10)
  2 two-headed ogres
  The ghost of frimble the Covert, a novice MiHu of Okawaru (D:9)
  Amaemon (D:8)
  Pikel (D:8)
  Joseph (D:7)
  Maggie (D:8)
  An orange demon (D:8)
  Grinder (D:3)
  A hornet (D:8)
  A shadow (D:10)
  5 wraiths (D:10)
  Eustachio (D:4)
  2 acid dragons (D:10)
  4 water moccasins
  2 sky beasts
  A black bear (D:5)
  2 ogres
  2 phantoms (D:7)
  2 centaurs
  A lemure (D:8)
  2 kobold brigands
  3 bullfrogs
  A gnoll sergeant (D:8)
  3 scorpions
  A necrophage (D:8)
  7 wights
  5 killer bees (D:10)
  An electric eel (D:7)
  3 howler monkeys
  A hound (D:6)
  3 orc priests
  2 gnoll boudas
  A jelly (D:5)
  An iguana (D:5)
  Terence (D:3)
  7 orc wizards
  Natasha (thrice) (D:3)
  14 gnolls
  6 adders
  2 shadow imps
  A white imp (D:6)
  4 ufetubi
  6 worms
  A dart slug (D:5)
  13 orcs
  5 ball pythons
  10 endoplasms
  3 giant cockroaches
  6 goblins
  7 hobgoblins
  2 jackals (D:1)
  16 kobolds
  3 quokkas
  5 bats
  4 frilled lizards
  3 rats
190 creatures vanquished.

Vanquished Creatures (others)
  6 fungi (D:5)
  3 plants (D:6)
  3 toadstools (D:5)
12 creatures vanquished.

Grand Total: 202 creatures vanquished

Notes
Turn   | Place    | Note
-------+----------+-------------------------------------------
     0 | D:1      | kevlar127 the Troll Berserker began the quest for the Orb.
     0 | D:1      | Reached XP level 1. HP: 22/22 MP: 0/0
   321 | D:1      | Reached XP level 2. HP: 28/29 MP: 1/1
  1036 | D:2      | Found a faded altar of an unknown god.
  1056 | D:2      | Reached XP level 3. HP: 35/37 MP: 2/2
  1183 | D:2      | Reached ** piety under Trog
  1638 | D:3      | Found a burning altar of Makhleb.
  1738 | D:3      | Noticed Terence
  1750 | D:3      | Killed Terence
  1751 | D:3      | Reached skill level 4 in Unarmed Combat
  1751 | D:3      | Reached XP level 4. HP: 41/45 MP: 3/3
  1937 | D:3      | Found a basalt altar of Yredelemnul.
  1959 | D:3      | Noticed Natasha
  1969 | D:3      | Killed Natasha
  2096 | D:3      | Reached XP level 5. HP: 46/54 MP: 4/4
  2175 | D:3      | Identified the +7 dagger of Demonkind {freeze, rPois rC+
                  | Will+ Stlth-}
  2192 | D:3      | Noticed Grinder
  2195 | D:3      | Paralysed by Grinder for 3 turns
  2220 | D:3      | Paralysed by Grinder for 3 turns
  2233 | D:3      | Killed Grinder
  2234 | D:3      | Reached skill level 5 in Unarmed Combat
  2234 | D:3      | Reached XP level 6. HP: 33/63 MP: 5/5
  2360 | D:3      | Noticed Natasha
  2366 | D:3      | Killed Natasha
  2383 | D:3      | Noticed Natasha
  2387 | D:3      | Killed Natasha
  2450 | D:4      | Found an iron altar of Okawaru.
  2613 | D:4      | Reached XP level 7. HP: 71/71 MP: 6/6
  2645 | D:4      | Found a shimmering blue altar of Sif Muna.
  2676 | D:4      | Reached skill level 1 in Throwing
  2677 | D:4      | Identified the +5 chain mail "Wubax" {Str+5}
  2978 | D:4      | Noticed Eustachio
  2994 | D:4      | Killed Eustachio
  2995 | D:4      | Reached skill level 5 in Fighting
  2995 | D:4      | Reached skill level 6 in Unarmed Combat
  3254 | D:4      | Reached *** piety under Trog
  3638 | D:5      | Entered Level 5 of the Dungeon
  3778 | D:5      | Reached XP level 8. HP: 80/81 MP: 7/7
  4026 | D:5      | Reached skill level 7 in Unarmed Combat
  4122 | D:5      | Identified the +0 trident of the Doomed Warrior {elec,
                  | rElec rN+ Int+2}
  4230 | D:5      | Found a snail-covered altar of Cheibriados.
  4725 | D:6      | Found a glowing golden altar of the Shining One.
  4732 | D:6      | Identified the +1 chain mail of Hinaefong {rCorr}
  5117 | D:7      | Noticed Joseph
  5172 | D:7      | Killed Joseph
  5430 | D:7      | Found a hazy altar of Hepliaklqana.
  5441 | D:7      | Reached skill level 8 in Unarmed Combat
  5441 | D:7      | Reached XP level 9. HP: 89/92 MP: 8/8
  5606 | D:7      | Paralysed by a centaur for 2 turns
  5613 | D:7      | Paralysed by a centaur for 2 turns
  5631 | D:7      | Reached skill level 1 in Armour
  5760 | D:7      | Found a staircase to the Ecumenical Temple.
  5765 | D:7      | Reached skill level 5 in Throwing
  5949 | D:8      | Noticed Maggie
  5966 | D:8      | Killed Maggie
  6069 | D:8      | Paralysed by a hornet for 3 turns
  6074 | D:8      | Reached skill level 9 in Unarmed Combat
  6477 | D:8      | Found a sparkling altar of Nemelex Xobeh.
  6569 | D:8      | Noticed a two-headed ogre
  6581 | D:8      | Killed a two-headed ogre
  6650 | D:8      | Reached XP level 10. HP: 96/104 MP: 9/9
  6785 | D:8      | Identified the +0 spear of Armageddon {elec, *Rage rF+++
                  | rC- Str+4}
  6870 | D:8      | Noticed Pikel
  6892 | D:8      | Killed Pikel
  6943 | D:8      | Found a radiant altar of Vehumet.
  7440 | D:9      | Noticed Amaemon
  7440 | D:9      | Noticed an orange demon
  7507 | D:8      | Killed an orange demon
  7526 | D:8      | Killed Amaemon
  7527 | D:8      | Reached skill level 10 in Unarmed Combat
  7777 | D:9      | Noticed a two-headed ogre
  7801 | D:9      | Killed a two-headed ogre
  7967 | D:9      | Found an ornate altar of the Wu Jian Council.
  8082 | D:9      | Found an ancient bone altar of Kikubaaqudgha.
  8311 | D:9      | Found a large runed translucent door.
  8311 | D:9      | Found a large runed translucent door.
  8313 | D:9      | Noticed frimble's ghost (novice MiHu)
  8636 | D:9      | Killed frimble's ghost
  8680 | D:10     | Entered Level 10 of the Dungeon
  8690 | D:10     | Reached skill level 11 in Unarmed Combat
  8762 | D:10     | Found Yrotit Timp's Assorted Antiques.
  8814 | D:10     | Noticed Josephine
  8829 | D:10     | Killed Josephine
  8830 | D:10     | Reached XP level 11. HP: 92/115 MP: 10/10
  8835 | D:10     | Reached skill level 1 in Evocations
  9115 | D:10     | Identified the +5 leather armour "Damatsi" {Rampage Drain
                  | rPois Int+2}
 10083 | D:7      | Noticed an obsidian statue
 10083 | D:7      | Found the +4 Cigotuvi's embrace {rMiasma Drain rN+}
 10102 | D:7      | Noticed a sixfirhy
 10119 | D:7      | Noticed a soul eater
 10231 | D:7      | Gained mutation: Potions are less effective at restoring
                  | your health. [a neqoxec]
 10237 | D:7      | Gained mutation: Your body sometimes deteriorates upon
                  | taking damage. [a neqoxec]
 10533 | D:7      | Noticed a sixfirhy
 10557 | D:7      | Noticed a soul eater
 10563 | D:7      | Noticed a sixfirhy
 10565 | D:7      | Slain by a sixfirhy

Illustrated notes

Levels and vault maps discovered:
D:1:      grunt_arrival_lava_bath, layout_loops_corners, grunt_decor_fettered
D:2:      layout_basic, chequers_ecumenical_altar_simple
D:3:      layout_basic, bloody_makhleb, lemuel_tele_altar, uniq_grinder,
          uniq_terence, uniq_natasha
D:4:      layout_loops_ring, mainiacjoe_overflow_24_doors,
          kennysheep_okawaru_gauntlet, uniq_eustachio
D:5:      layout_rooms, cheibrodos_worm_habitat, kennysheep_pointless_box,
          minivault_1, minmay_gold_behind_fungi
D:6:      layout_rooms, mainiacjoe_overflow_boulevard
D:7:      statuecave_lemuel, layout_gridville, old_standard_altar,
          minmay_misc_feat_tower, uniq_joseph
D:8:      layout_cave_pods, mainiacjoe_overflow_brackets, lemuel_round_altar,
          minmay_misc_feat_iff, uniq_maggie, uniq_pikel
D:9:      cheibrodos_elevator_heist, layout_long_grid,
          pdpol_wu_jian_five_deadly_venoms, amcnicky_altar_gilded,
          ebering_ghost_disaster_area, uniq_amaemon
D:10:     layout_loops_ring, serial_shops, kennysheep_little_box, uniq_josephine

Skill      XL: |  1  2  3  4  5  6  7  8  9 10 11 |
---------------+----------------------------------+-----
Fighting       | 3 4 5 6 7 9 |  9.4
Unarmed Combat | 4 5 6 8 9 11 | 11.2
Throwing       | 2 4 5 6 |  6.0
Armour         | 2 3 |  3.6
Evocations     | 1 |  1.6
Dodging        | 3 |  3.0

Action                   |  1- 3 |  4- 6 |  7- 9 | 10-12 || total
-------------------------+-------+-------+-------+-------++-------
Melee: Unarmed           |   107 |    86 |   222 |   217 ||   632
       Punch             |     2 |     1 |    12 |     9 ||    24
Throw: Stone             |       |    25 |    11 |    25 ||    61
       Boomerang         |       |       |     8 |    63 ||    71
Invok: Trog's Hand       |       |     3 |     7 |    10 ||    20
       Berserk           |       |       |     2 |     1 ||     3
  Use: Potion            |       |       |     1 |       ||     1
 Stab: Sleeping          |     1 |       |       |       ||     1
Armor: Animal skin       |    41 |    27 |    79 |       ||   147
       Swamp dragon scal |       |       |     8 |   140 ||   148
Dodge: Dodged            |    54 |    43 |   118 |    86 ||   301

Table legend: (Time is in decaauts)
 A = Elapsed time spent in this place.
 B = Non-inter-level travel time spent in this place.
 C = Inter-level travel time spent in this place.
 D = Time resting spent in this place.
 E = Time spent auto-exploring this place.
 F = Levels seen in this place.
 G = Mean time per level.
                   A        B        C        D        E       F      G
               +--------+--------+--------+--------+--------+-----+--------+
         Total |  10556 |   9779 |    777 |   1853 |   6120 |  10 | 1055.6 |
       Dungeon |  10556 |   9779 |    777 |   1853 |   6120 |  10 | 1055.6 |
               +--------+--------+--------+--------+--------+-----+--------+

Top non-repeatable levels by time:
     D:8: 1576 daAuts
     D:7: 1388 daAuts
     D:4: 1248 daAuts
     D:9: 1197 daAuts
     D:1: 1075 daAuts
    D:10: 1039 daAuts
     D:3: 833 daAuts
     D:6: 794 daAuts
     D:5: 736 daAuts
     D:2: 667 daAuts
